 Dungeon Crawl Stone Soup version 0.30.1 (webtiles) character file.

Game seed: 1689823242054876995

219 boopmooplesden the Twirler (level 5, -8/32 HPs)
             Began as a Gargoyle Gladiator on July 11, 2023.
             Mangled by an ice beast (9 damage)
             ... on level 3 of the Dungeon.
             The game lasted 00:06:09 (2490 turns).

boopmooplesden the Twirler (Gargoyle Gladiator)     Turns: 2490, Time: 00:06:11

Health: -8/32      AC: 12    Str: 20    XL:     5   Next: 96%
Magic:  5/5        EV: 11    Int:  8    God:
Gold:   185        SH:  0    Dex: 11    Spells: 4/4 levels left

rFire   . . .        m - +2 quarterstaff (chaos)
rCold   . . .        (shield currently unavailable)
rNeg    + . .        h - +0 ring mail
rPois   ∞            c - +0 helmet
rElec   +            s - +1 cloak {rCorr}
rCorr   +            (no gloves)
SInv    .            (no boots)
Will    .....        (no amulet)
Stlth   +            (no ring)
HPRegen 0.25/turn    (no ring)
MPRegen 0.09/turn

%: no passive effects
@: no status effects
A: sickness immunity, AC +4, negative energy resistance 1, electricity
resistance, torment resistance 1, petrification resistance
a: no special abilities


You were on level 3 of the Dungeon.
You visited 1 branch of the dungeon, and saw 4 of its levels.

You collected 185 gold pieces.

Inventory:

Hand Weapons
 a - a +0 quarterstaff
 m - a +2 quarterstaff of chaos (weapon)
Missiles
 e - a javelin (quivered)
Armour
 b - a +0 leather armour
 c - a +0 helmet (worn)
 h - a +0 ring mail (worn)
 s - a +1 cloak of preservation (worn)
Scrolls
 f - 2 scrolls of teleportation
 i - a scroll of brand weapon {unknown}
 o - 2 scrolls of magic mapping
 t - a scroll of amnesia {unknown}
Potions
 j - a potion of berserk rage
 k - a potion of magic {unknown}
 l - 3 potions of mutation
 n - 2 potions of attraction
 p - 2 potions of ambrosia
 q - a potion of brilliance {unknown}
 r - 4 potions of degeneration


   Skills:
 + Level 3.4 Fighting
 + Level 4.9 Staves
 + Level 1.9 Throwing
 + Level 1.8 Armour
 + Level 3.1 Dodging
 + Level 0.3 Stealth


You had 4 spell levels left.
You didn't know any spells.
Your spell library contained the following spells:

 Spells                   Type           Power      Damage    Failure   Level
 Frozen Ramparts          Ice            0%         1d1       91%         3
 Ice Form                 Ice/Tmut       0%         N/A       100%        4
 Summon Ice Beast         Ice/Summ       0%         N/A       100%        4


Dungeon Overview and Level Annotations

Branches:
Dungeon (4/15)
 Temple: D:4-7

Altars:
Sif Muna
Vehumet
Xom

Annotations:
D:3 Ijyb, Sigmund


Innate Abilities, Weirdness & Mutations

You are immune to sickness and miasma.
Your stone body is resilient. (AC +4)
You are immune to poison.
You resist negative energy. (rN+)
You are resistant to electric shocks. (rElec)
You are resistant to unholy torment.
You are immune to petrification.


Message History

Sigmund mumbles some strange words.
Sigmund flickers and vanishes!
Deactivating autopickup; reactivate with Ctrl-A.
You sock the dart slug! You burn the dart slug.
You kill the dart slug!
Something hits you but does no damage.
Throw: 2 throwing nets
Press: ? - help, Q - select action, (/) - cycle Shift-Dir - straight line, f - you Really target yourself?
Okay, then.
Throw: 2 throwing nets
Press: ? - help, Q - select action, (/) - cycle Shift-Dir - straight line You throw a throwing net.
An ice beast comes into view.
Something hits you but does no damage.
Items here: ) [ ††.
You barely miss something. Something hits you but does no damage.
You thump something! You hit something. You burn something.
You hear some strange, mumbled words.
A puff of flame appears from out of thin air!
The puff of flame hits you but does no damage.
The ice beast hits you but does no damage.
You hit something but do no damage.
You hear some strange, mumbled words.
A puff of flame appears from out of thin air!
The puff of flame hits you! The ice beast misses you.
Throw: throwing net
Press: ? - help, Q - select action, (/) - cycle Shift-Dir - straight line, f - ice beast
Aim: an ice beast (56% to hit)
You throw a throwing net.
The throwing net closely misses the ice beast.
You hear some strange, mumbled words.
A magic dart appears from out of thin air!
The magic dart hits you!
* * * LOW HITPOINT WARNING * * *
The ice beast hits you.
* * * LOW HITPOINT WARNING * * *
The ice beast freezes you!
You die...

#.####.# #.#
##.####.##########.#####.#
#........................#
..#†###...#######........#
###.#.......#....).......#
# #.#?#...#.#<###.#......#
###.#.#...#.#####.######.#
..................# .$.# .
###.#.....#.####@##....#
#.#.#.#.#.# #{Y'....+
#.#.#.#.#.# ##.#....#
#.#.#.#.#.# #.# .....
#.#.#...#.# #.# ...#
#.#.#####.# #.# ..##.
#.#.. ..# #.. .##.# ###
#.. ##.. +.. #.##+##


You could see an ice beast.

Vanquished Creatures
  A hound (D:3)
  Crazy Yiuf (D:2)
  An orc wizard (D:4)
  6 adders
  A worm (D:2)
  4 dart slugs
  10 orcs
  3 ball pythons
  6 endoplasms
  2 giant cockroaches
  4 goblins
  4 hobgoblins
  A quokka (D:1)
  3 bats
  A frilled lizard (D:1)
  9 kobolds
  3 rats
60 creatures vanquished.

Vanquished Creatures (collateral kills)
  An orc (D:4)
1 creature vanquished.

Grand Total: 61 creatures vanquished

Notes
Turn   | Place    | Note
-------+----------+-------------------------------------------
     0 | D:1      | boopmooplesden the Gargoyle Gladiator began the quest for
                  | the Orb.
     0 | D:1      | Reached XP level 1. HP: 12/12 MP: 1/1
   139 | D:1      | Reached XP level 2. HP: 12/18 MP: 2/2
   812 | D:2      | Reached XP level 3. HP: 22/22 MP: 3/3
  1003 | D:2      | Found a runed translucent door.
  1004 | D:2      | Noticed Crazy Yiuf
  1422 | D:2      | You fall into a shaft and drop 2 floors!
  1507 | D:4      | Reached XP level 4. HP: 17/27 MP: 4/4
  1520 | D:4      | Reached skill level 4 in Staves
  1646 | D:4      | Reached skill level 1 in Armour
  1736 | D:4      | Reached XP level 5. HP: 18/32 MP: 5/5
  1751 | D:4      | Found a shimmering blue altar of Sif Muna.
  1751 | D:4      | Found a shimmering altar of Xom.
  1752 | D:4      | Found a radiant altar of Vehumet.
  1860 | D:3      | Noticed Ijyb
  2292 | D:2      | Killed Crazy Yiuf
  2473 | D:3      | Noticed Sigmund
  2485 | D:3      | Noticed an ice beast
  2490 | D:3      | HP: 1/32 [ice beast (1)]
  2490 | D:3      | Mangled by an ice beast

Illustrated notes

Levels and vault maps discovered:
D:1:      lightli_arrival_boilingwater, layout_loops_ring,
          minmay_misc_feat_encased
D:2:      layout_basic, kennysheep_small_spiral, roderic_lattice_a,
          uniq_crazy_yiuf_cottage
D:3:      layout_basic, uniq_sigmund, uniq_jessica, uniq_ijyb
D:4:      layout_cave_pools, mainiacjoe_overflow_cross_hatched, zin_scriptorium,
          nicolae_overflow_quartered_altars, minmay_pentomino_pile

Skill      XL: |  1  2  3  4 |
---------------+-------------+-----
Staves         | 4 |  4.9
Fighting       | 3 |  3.4
Armour         | 1 |  1.8
Dodging        | 3 |  3.1
Throwing       | |  1.9
Stealth        | |  0.3

Action                     |  1- 3 |  4- 6 || total
---------------------------+-------+-------++-------
  Melee: Quarterstaff      |   106 |   111 ||   217
  Throw: Throwing net      |       |     6 ||     6
    Use: Scroll            |     4 |     6 ||    10
 Armour: Leather armour    |    23 |       ||    23
         Ring mail         |    42 |    55 ||    97
  Dodge: Dodged            |    76 |    77 ||   153
